 Dungeon Crawl Stone Soup version 0.23-a0-650-ga4d50d4 (webtiles) character file.

37 MalarOregon the Ducker (level 3, 0/26 HPs)
             Began as a Merfolk Wizard on Jan 4, 2019.
             Slain by a hobgoblin
             ... wielding a +0 club
              (3 damage)
             ... on level 2 of the Dungeon.
             The game lasted 00:04:49 (1228 turns).

MalarOregon the Ducker (Merfolk Wizard)             Turns: 1228, Time: 00:04:50

Health: 0/26       AC:  2    Str:  7    XL:     3   Next: 39%
Magic:  1/7        EV: 13    Int: 23    God:
Gold:   35         SH:  0    Dex: 12    Spells: 5/8 levels left

rFire    . . .     SeeInvis .   d - +0 short sword
rCold    . . .     Gourm    .   (no shield)
rNeg     . . .     Faith    .   a - +0 robe
rPois    .         Spirit   .   b - +0 hat
rElec    .         Reflect  .   (no cloak)
rCorr    .         Harm     .   (no gloves)
MR       .....                  (no boots)
Stlth    ++........             (no amulet)
HPRegen  0.08/turn              (no ring)
MPRegen  0.10/turn              (no ring)

@: brilliant, lethally poisoned (0 -> -5)
A: change form in water, swift swim, stealthy swim
a: no special abilities


You were on level 2 of the Dungeon.
You were not hungry.

You visited 1 branch of the dungeon, and saw 2 of its levels.

You collected 35 gold pieces.

Inventory:

Hand Weapons
 d - a +0 short sword (weapon)
   (You took it off a kobold on level 1 of the Dungeon)
Armour
 a - a +0 robe (worn)
 b - a +0 hat (worn)
Scrolls
 f - a scroll of enchant weapon {unknown}
 g - a scroll of remove curse {unknown}
 h - a scroll of blinking {unknown}
 i - 2 scrolls of identify {unknown}
 j - 2 scrolls of teleportation {unknown}
Comestibles
 e - 2 rations {!d}
 k - 3 chunks of flesh


   Skills:
 + Level 1.2 Fighting
 + Level 3.3 Dodging
 - Level 2.1 Stealth
 + Level 3.2 Spellcasting
 + Level 1.3 Conjurations
 + Level 1.3 Summonings
   Level 0.7 Translocations


You had 5 spell levels left.
You knew the following spells:

 Your Spells              Type           Power        Failure   Level  Hunger
a - Magic Dart            Conj           ###.         1%          1    None
x - Call Imp              Summ           ###.....     1%          2    ##.....

Your spell library contained the following spells:

 Spells                   Type           Power        Failure   Level  Hunger
 Blink                    Tloc           N/A          1%          2    ##.....
 Slow                     Hex            ###.....     2%          2    ##.....
 Conjure Flame            Conj/Fire      ###.....     3%          3    ###....
 Mephitic Cloud           Conj/Pois/Air  ###.....     3%          3    ###....


Dungeon Overview and Level Annotations

Branches:
Dungeon (2/15)

Altars:


Message History

Aim: an adder (moderately wounded)
The magic dart hits the adder.
The adder closely misses you.
You closely miss the adder.
Your crimson imp blinks!
The adder closely misses you.
You hit the adder. The adder bites you.
You are poisoned.
The adder poisons you! The adder closely misses you.
You feel sick. The adder bites you.
You are more poisoned.
The adder poisons you!
Your crimson imp blinks!
You hit the adder. The adder bites you.
You are more poisoned.
The adder poisons you! The adder bites you.
* * * LOW HITPOINT WARNING * * *
Aim: an adder (severely wounded)
The magic dart hits the adder.
You kill the adder!
* * * LOW HITPOINT WARNING * * *
You feel sick.
There is a lethal amount of poison in your body!
It was a potion of brilliance.
You feel clever all of a sudden.
* * * LOW HITPOINT WARNING * * *
You feel sick.
* * * LOW HITPOINT WARNING * * *
You feel sick.
You see here an adder corpse.
* * * LOW HITPOINT WARNING * * *
You feel sick.
Found a scroll labeled ANTAYN APNOU.
Unknown command.
* * * LOW HITPOINT WARNING * * *
You feel sick.
* * * LOW HITPOINT WARNING * * *
You feel sick.
A hobgoblin comes into view. It is wielding a +0 club.
* * * LOW HITPOINT WARNING * * *
You feel sick.
The hobgoblin shouts!
The hobgoblin moves out of view.
Unknown command.
* * * LOW HITPOINT WARNING * * *
You feel sick.
Your crimson imp blinks!
* * * LOW HITPOINT WARNING * * *
You feel sick. The hobgoblin completely misses you.
The hobgoblin hits you with a +0 club.
You die...

#... #.# #.#....#.##
#.........
#####5....#.#
##.?.......#.# ..
..........'.#
....###.........#.#
.......@###.$...#.#
....#.#g........†.# #
#....###..####.#
#......# ##.# #.#
#.###..#
#.#<##.###### # ...#
#.#.##....... .##.#
#.#.##.......
#.##.####.#.##.......
# .........##.......


You could see a hobgoblin and a friendly crimson imp.

Vanquished Creatures
  An adder (D:2)
  A giant cockroach (D:2)
  3 goblins (D:1)
  5 hobgoblins
  4 kobolds (D:1)
  4 bats
  3 frilled lizards (D:1)
  6 rats
27 creatures vanquished.

Vanquished Creatures (collateral kills)
  A goblin (D:1)
1 creature vanquished.

Grand Total: 28 creatures vanquished

Notes
Turn   | Place    | Note
-------+----------+-------------------------------------------
     0 | D:1      | MalarOregon the Merfolk Wizard began the quest for the Orb.
     0 | D:1      | Reached XP level 1. HP: 13/13 MP: 4/4
   220 | D:1      | Reached skill level 1 in Conjurations
   303 | D:1      | Reached XP level 2. HP: 20/20 MP: 4/6
   326 | D:1      | Learned a level 2 spell: Call Imp
   603 | D:1      | Reached skill level 1 in Fighting
  1078 | D:2      | Reached XP level 3. HP: 26/26 MP: 4/7
  1228 | D:2      | Slain by a hobgoblin

Vault maps used:
D:1:      minmay_arrival_jagged, kennysheep_another_room
D:2:      kennysheep_six_static_rooms, xom_teletrap_fun, minmay_split_cup_small

Skill      XL: |  1  2 |
---------------+-------+-----
Conjurations   | 1 |  1.3
Dodging        | 3 |  3.3
Fighting       | 1 |  1.2
Stealth        | |  2.1
Spellcasting   | |  3.2
Summonings     | |  1.3
Translocations | |  0.7

Action                   || total
-------------------------++-------
Melee: Unarmed           ||     1
       Short sword       ||    42
 Cast: Magic Dart        ||    57
       Call Imp          ||     2
  Use: Potion            ||     1
  Eat: Chunk             ||     1
Armor: Robe              ||    11
Dodge: Dodged            ||    27

Table legend:
 A = Non-vault XP
 B = Vault XP
 C = Vault XP percentage of total XP
 D = Non-vault monster count
 E = Vault monster count
 F = Vault count percentage of total count
                 A         B        C        D         E       F
            +---------+---------+-------+---------+---------+-------
      Total |      53 |       0 |   0.0 |      28 |       0 |   0.0
            +---------+---------+-------+---------+---------+-------
        D:1 |      32 |       0 |   0.0 |      23 |       0 |   0.0
        D:2 |      21 |       0 |   0.0 |       5 |       0 |   0.0
            +---------+---------+-------+---------+---------+-------
